[ AOE2 MATCH · #505032791 ]
UnrankedBohemians vs Goths
Player's team · LOSS
Rival team · WIN
[ REPLAY ANALYSIS · EXTRACTED FROM THE RECORDED GAME ]
Feudal
9:20
Castle
22:10
Imperial
—
| APM avg | 66.4 |
| APM peak | 105 |
| eAPM avg | 24.8 |
| Villagers / military | 109 / 111 |
Focus
⚔️ 29.1% · 🌾 70.9%
Skirmisher ×42 · Hand Cannoneer ×41 · Archer ×13 · Mangonel ×8 · Battering Ram ×4 · Hussite Wagon ×2
Feudal
11:26
Castle
21:18
Imperial
39:59
| APM avg | 67.3 |
| APM peak | 111 |
| eAPM avg | 39.6 |
| Villagers / military | 128 / 111 |
Focus
⚔️ 64.2% · 🌾 35.8%
Skirmisher ×61 · Huskarl ×28 · Militia ×19 · Trebuchet (Packed) ×3
Match map
Initial resources + every placement click. Lines = walls · curves = elevation contours. ◆ gold · ⬟ stone · ● berries · ✦ relic · ◌ wall gap
Your base· ✓ Closed at 22:10 · 21t walls · no gate
RaiD's base· ✓ Closed at 21:18 · 45t walls · no gate
Smoothed initial terrain · ◌ = detected wall gap · hover for details
Inputs per minute
— EbolasRider - - RaiD
Build order — EbolasRider
First 150 of 388 actions detected
| 0:01 | Create | Villager (Male) |
| 0:01 | Create | Villager (Male) |
| 0:02 | Build | House |
| 0:04 | Build | House |
| 0:13 | Create | Villager (Male) |
| 0:21 | Create | Villager (Male) |
| 1:29 | Create | Villager (Male) |
| 1:29 | Create | Villager (Male) |
| 2:09 | Create | Villager (Male) |
| 2:13 | Create | Villager (Male) |
| 2:28 | Build | Lumber Camp |
| 2:53 | Create | Villager (Male) |
| 3:10 | Create | Villager (Male) |
| 3:37 | Create | Villager (Male) |
| 3:59 | Build | House |
| 4:11 | Create | Villager (Male) |
| 4:12 | Create | Villager (Male) |
| 4:20 | Build | Mill |
| 4:30 | Create | Villager (Male) |
| 4:52 | Create | Villager (Male) |
| 5:16 | Create | Villager (Male) |
| 6:06 | Create | Villager (Male) |
| 6:22 | Research | Loom |
| 7:10 | Research | Feudal Age |
| 7:10 | Research | Feudal Age |
| 7:49 | Create | Villager (Male) |
| 8:14 | Build | House |
| 8:42 | Build | Barracks |
| 9:18 | Build | Mining Camp |
| 9:20 | Age | Feudal Age |
| 9:27 | Create | Villager (Male) |
| 9:27 | Create | Villager (Male) |
| 9:31 | Research | Double-Bit Axe |
| 9:41 | Build | Archery Range |
| 10:00 | Create | Villager (Male) |
| 10:04 | Create | Spearman |
| 10:09 | Build | House |
| 10:28 | Create | Archer |
| 10:35 | Create | Villager (Male) |
| 10:40 | Build | House |
| 10:44 | Build | House |
| 10:46 | Build | House |
| 10:48 | Build | Palisade Wall |
| 10:57 | Create | Villager (Male) |
| 11:01 | Build | Mill |
| 11:02 | Create | Archer |
| 11:12 | Build | Farm |
| 11:12 | Build | Farm |
| 11:21 | Build | House |
| 11:25 | Create | Archer |
| 11:34 | Build | Farm |
| 11:39 | Create | Archer |
| 11:44 | Build | Palisade Wall |
| 11:45 | Build | Palisade Wall |
| 12:02 | Build | Farm |
| 12:05 | Build | Farm |
| 12:08 | Create | Villager (Male) |
| 12:20 | Create | Archer |
| 12:21 | Create | Villager (Male) |
| 12:34 | Build | Farm |
| 12:38 | Build | Palisade Wall |
| 12:42 | Build | House |
| 12:48 | Create | Villager (Male) |
| 12:52 | Create | Archer |
| 13:02 | Build | Farm |
| 13:08 | Create | Villager (Male) |
| 13:15 | Create | Archer |
| 13:21 | Build | House |
| 13:33 | Build | Blacksmith |
| 13:42 | Create | Villager (Male) |
| 13:50 | Build | Farm |
| 14:10 | Create | Villager (Male) |
| 14:14 | Build | House |
| 14:14 | Research | Fletching |
| 14:18 | Build | House |
| 14:21 | Create | Villager (Male) |
| 14:26 | Create | Archer |
| 14:36 | Create | Archer |
| 14:39 | Build | House |
| 14:48 | Create | Villager (Male) |
| 14:50 | Build | Farm |
| 14:55 | Build | House |
| 14:57 | Build | House |
| 15:04 | Build | Farm |
| 15:11 | Build | Palisade Wall |
| 15:15 | Create | Villager (Male) |
| 15:26 | Create | Archer |
| 15:27 | Create | Villager (Male) |
| 15:31 | Create | Villager (Male) |
| 15:39 | Research | Padded Archer Armor |
| 15:56 | Build | Farm |
| 15:57 | Create | Villager (Male) |
| 16:05 | Build | House |
| 16:12 | Build | Farm |
| 16:39 | Build | Lumber Camp |
| 16:46 | Build | Palisade Wall |
| 16:50 | Research | Padded Archer Armor |
| 16:50 | Create | Villager (Male) |
| 17:00 | Create | Archer |
| 17:09 | Create | Villager (Male) |
| 17:30 | Create | Villager (Male) |
| 17:34 | Create | Skirmisher |
| 17:53 | Build | Farm |
| 17:55 | Build | Farm |
| 18:03 | Create | Villager (Male) |
| 18:08 | Build | Market |
| 18:18 | Create | Skirmisher |
| 18:40 | Build | Farm |
| 18:47 | Create | Villager (Male) |
| 18:55 | Create | Skirmisher |
| 19:17 | Build | Farm |
| 19:25 | Build | House |
| 19:30 | Research | Castle Age |
| 19:30 | Research | Castle Age |
| 19:45 | Create | Skirmisher |
| 19:53 | Build | House |
| 20:03 | Build | Farm |
| 20:04 | Research | Horse Collar |
| 20:06 | Create | Skirmisher |
| 20:09 | Build | Farm |
| 20:22 | Build | Farm |
| 20:29 | Build | Farm |
| 20:30 | Create | Skirmisher |
| 20:42 | Build | Archery Range |
| 20:52 | Create | Skirmisher |
| 21:10 | Create | Skirmisher |
| 21:12 | Create | Skirmisher |
| 21:31 | Create | Skirmisher |
| 21:31 | Create | Skirmisher |
| 21:39 | Build | House |
| 21:41 | Build | House |
| 21:43 | Build | House |
| 21:44 | Build | House |
| 21:50 | Create | Skirmisher |
| 21:53 | Build | House |
| 22:03 | Build | House |
| 22:08 | Create | Skirmisher |
| 22:08 | Create | Skirmisher |
| 22:10 | Age | Castle Age |
| 22:13 | Research | Bodkin Arrow |
| 22:14 | Research | Bodkin Arrow |
| 22:14 | Create | Villager (Male) |
| 22:18 | Build | House |
| 22:21 | Create | Villager (Male) |
| 22:38 | Research | Elite Skirmisher (upgrade) |
| 22:43 | Create | Villager (Male) |
| 22:53 | Build | Farm |
| 22:55 | Create | Villager (Male) |
| 22:58 | Build | House |
| 23:06 | Create | Skirmisher |
Build order — RaiD
First 150 of 410 actions detected
| 0:01 | Create | Villager (Male) ×4 |
| 0:02 | Build | House |
| 0:05 | Build | House |
| 1:26 | Create | Villager (Male) |
| 1:51 | Build | Lumber Camp |
| 2:02 | Create | Villager (Male) |
| 2:02 | Create | Villager (Male) |
| 2:16 | Create | Villager (Male) |
| 2:51 | Create | Villager (Male) |
| 3:13 | Create | Villager (Male) |
| 3:36 | Create | Villager (Male) |
| 4:01 | Build | House |
| 4:07 | Create | Villager (Male) |
| 4:29 | Create | Villager (Male) |
| 4:44 | Build | Barracks |
| 4:53 | Create | Villager (Male) |
| 5:11 | Create | Villager (Male) |
| 5:32 | Build | House |
| 5:37 | Create | Militia |
| 5:39 | Build | House |
| 5:40 | Create | Militia |
| 5:47 | Create | Villager (Male) |
| 5:47 | Create | Villager (Male) |
| 6:03 | Create | Villager (Male) |
| 6:25 | Build | Mill |
| 6:31 | Create | Militia |
| 6:45 | Create | Villager (Male) |
| 6:45 | Create | Villager (Male) |
| 7:22 | Build | Mill |
| 7:35 | Create | Villager (Male) |
| 7:57 | Create | Villager (Male) |
| 8:09 | Build | House |
| 8:23 | Research | Loom |
| 8:23 | Create | Villager (Male) |
| 8:36 | Build | Mining Camp |
| 8:45 | Create | Villager (Male) |
| 8:49 | Build | Palisade Wall |
| 9:14 | Research | Feudal Age |
| 9:14 | Research | Feudal Age |
| 9:22 | Create | Militia |
| 9:40 | Build | Palisade Wall |
| 10:05 | Create | Militia |
| 10:47 | Build | Palisade Wall |
| 10:57 | Build | Palisade Wall |
| 11:10 | Create | Villager (Male) |
| 11:21 | Build | House |
| 11:26 | Age | Feudal Age |
| 11:29 | Research | Man-at-Arms (upgrade) |
| 11:29 | Research | Double-Bit Axe |
| 11:30 | Create | Villager (Male) |
| 11:31 | Build | Archery Range |
| 12:05 | Build | Blacksmith |
| 12:10 | Create | Villager (Male) |
| 12:18 | Create | Skirmisher |
| 12:19 | Build | House |
| 12:23 | Build | House |
| 12:28 | Build | Palisade Wall |
| 12:32 | Create | Villager (Male) |
| 12:34 | Build | Farm |
| 12:41 | Create | Skirmisher |
| 12:44 | Create | Villager (Male) |
| 12:48 | Research | Fletching |
| 12:53 | Build | Palisade Wall |
| 12:57 | Build | House |
| 13:01 | Build | Farm |
| 13:04 | Create | Skirmisher |
| 13:17 | Build | Palisade Wall |
| 13:21 | Build | Farm |
| 13:24 | Create | Skirmisher |
| 13:31 | Create | Villager (Male) |
| 13:33 | Build | Farm |
| 13:35 | Build | Farm |
| 13:37 | Build | Farm |
| 13:41 | Create | Skirmisher |
| 13:50 | Build | Farm |
| 13:52 | Create | Villager (Male) |
| 13:55 | Create | Skirmisher |
| 14:01 | Build | Farm |
| 14:13 | Build | Farm |
| 14:22 | Create | Villager (Male) |
| 14:27 | Build | Farm |
| 14:31 | Create | Skirmisher |
| 14:49 | Create | Villager (Male) |
| 14:52 | Build | Farm |
| 14:57 | Build | Farm |
| 14:59 | Build | Farm |
| 15:09 | Build | Farm |
| 15:11 | Create | Villager (Male) |
| 15:19 | Build | Farm |
| 15:20 | Research | Padded Archer Armor |
| 15:23 | Create | Skirmisher |
| 15:25 | Create | Villager (Male) |
| 15:34 | Build | Farm |
| 15:39 | Create | Skirmisher |
| 15:58 | Create | Villager (Male) |
| 16:00 | Build | Farm |
| 16:02 | Build | Farm |
| 16:18 | Build | Farm |
| 16:19 | Create | Villager (Male) |
| 16:34 | Build | Farm |
| 16:43 | Create | Villager (Male) |
| 17:09 | Build | Lumber Camp |
| 17:12 | Create | Villager (Male) |
| 17:26 | Build | Lumber Camp |
| 17:48 | Create | Villager (Male) |
| 17:52 | Create | Villager (Male) |
| 17:56 | Build | Lumber Camp |
| 18:37 | Research | Castle Age |
| 18:37 | Research | Castle Age |
| 18:45 | Create | Skirmisher |
| 18:46 | Create | Skirmisher |
| 19:09 | Create | Skirmisher |
| 19:30 | Create | Skirmisher |
| 19:47 | Create | Villager (Male) |
| 19:56 | Create | Militia |
| 19:56 | Create | Militia |
| 20:05 | Create | Skirmisher |
| 20:14 | Create | Villager (Male) |
| 20:17 | Research | Gold Mining |
| 20:18 | Research | Horse Collar |
| 20:24 | Create | Militia |
| 20:26 | Research | Scale Mail Armor |
| 20:31 | Create | Skirmisher |
| 20:34 | Build | House |
| 20:40 | Build | House |
| 20:41 | Build | House |
| 20:41 | Build | House |
| 20:51 | Research | Wheelbarrow |
| 21:01 | Create | Skirmisher |
| 21:18 | Age | Castle Age |
| 21:23 | Research | Elite Skirmisher (upgrade) |
| 21:24 | Research | Bodkin Arrow |
| 21:26 | Research | Long Swordsman (upgrade) |
| 21:30 | Build | Farm |
| 21:31 | Create | Skirmisher |
| 21:48 | Create | Villager (Male) |
| 21:52 | Build | Town Center |
| 21:56 | Build | Palisade Wall |
| 21:57 | Build | Palisade Wall |
| 21:58 | Build | Palisade Wall |
| 22:06 | Research | Squires |
| 22:12 | Create | Villager (Male) |
| 22:16 | Build | Farm |
| 22:22 | Create | Skirmisher |
| 22:23 | Create | Villager (Male) |
| 22:32 | Build | House |
| 22:32 | Build | House |
| 22:46 | Create | Militia |
| 22:47 | Build | Farm |
| 22:48 | Build | Farm |
Match timeline
| 4:44 | RaiD · first_building Barracks |
| 8:42 | EbolasRider · first_building Barracks |
| 8:49 | RaiD · wall_segment Palisade Wall x13 |
| 9:20 | EbolasRider · age_up feudal |
| 9:40 | RaiD · wall_segment Palisade Wall x6 |
| 9:41 | EbolasRider · first_building Archery Range |
| 10:47 | RaiD · wall_segment Palisade Wall x7 |
| 10:48 | EbolasRider · wall_segment Palisade Wall x1 |
| 10:57 | RaiD · wall_segment Palisade Wall x10 |
| 11:26 | RaiD · age_up feudal |
| 11:31 | RaiD · first_building Archery Range |
| 11:44 | EbolasRider · wall_segment Palisade Wall x9 |
| 11:45 | EbolasRider · wall_segment Palisade Wall x1 |
| 12:28 | RaiD · wall_segment Palisade Wall x9 |
| 12:38 | EbolasRider · wall_segment Palisade Wall x1 |
| 12:53 | RaiD · wall_segment Palisade Wall x5 |
| 13:17 | RaiD · wall_segment Palisade Wall x1 |
| 15:11 | EbolasRider · wall_segment Palisade Wall x8 |
| 16:46 | EbolasRider · wall_segment Palisade Wall x1 |
| 19:28 | EbolasRider · first_market_buy 100 food |
| 21:18 | RaiD · age_up castle |
| 21:56 | RaiD · wall_segment Palisade Wall x1 |
| 21:57 | RaiD · wall_segment Palisade Wall x1 |
| 21:58 | RaiD · wall_segment Palisade Wall x1 |
| 22:10 | EbolasRider · age_up castle |
| 24:51 | EbolasRider · first_market_sell 100 food |
| 27:00 | EbolasRider · first_building Siege Workshop |
| 29:51 | RaiD · first_market_buy 100 food |
| 30:31 | RaiD · first_building Castle |
| 34:10 | EbolasRider · first_building Castle |
| 36:32 | EbolasRider · wall_segment Stone Wall x11 |
| 36:48 | RaiD · first_market_sell 100 wood |
| 39:59 | RaiD · age_up imperial |
| 42:01 | EbolasRider · resign |
[ AI ANALYSIS · 1 CREDIT ]
What really happened in this match?
Wolo.gg analyzes every decision: build order, eco, micro, common mistakes by bracket. Personalized analysis on WhatsApp or Discord in 30 seconds.
Civ guide
Bohemians
Perfil
Zaid (EbolasRider)